Map: [ESL] Hardwire

Players

HeroMarine - Winner!

  • Race: Terran Terran

Bunny

  • Race: Terran Terran

Event: IEM Katowice 2022

VOD

Have the link to the VOD?

Description

Time

  • Played on: Feb. 25, 2022, 9:53 a.m.
  • Length: 8:18

All games in this series

Show
View Real Time Build Order
Export as new Build Order

HeroMarine Terran - Winner!

Build Orders: Mech 

Get SALT Encoding   

  12  0:00  SCV  
  13  0:12  SCV  
  14  0:17  Supply Depot  
  14  0:24  SCV  
  15  0:39  SCV  
  15  0:40  Barracks  
  16  0:43  Refinery  
  16  0:51  SCV  
  16  0:53  Refinery  
  17  1:03  SCV  
  18  1:15  SCV  
  19  1:27  Reaper, Orbital Command  
  19  1:32  Supply Depot  
  20  1:42  Factory  
  20  1:53  SCV  
  21  1:59  Barracks Reactor  
  21  2:05  SCV  
  22  2:17  SCV  
  23  2:23  Command Center  
  23  2:26  Hellion  
  23  2:29  SCV  
  26  2:35  Reaper  
  26  2:36  Reaper  
  28  2:41  Supply Depot, SCV  
  29  2:48  Hellion  
  31  2:55  Starport  
  31  3:03  SCV  
  32  3:08  Reaper x2  
  32  3:10  Hellion  
  36  3:15  SCV  
  37  3:23  Refinery  
  37  3:27  SCV  
  37  3:31  Starport Tech Lab, Factory Tech Lab  
  38  3:38  Orbital Command  
  38  3:39  Marine x2  
  38  3:41  SCV  
  41  3:53  SCV, Raven  
  44  3:57  Marine  
  44  3:58  Marine  
  46  4:04  Cyclone  
  46  4:05  SCV x2  
  46  4:08  Supply Depot  
  51  4:17  SCV x2  
  53  4:29  SCV  
  53  4:30  SCV  
  55  4:33  Command Center  
  55  4:36  Raven  
  57  4:39  Refinery  
  59  4:48  Supply Depot, Siege Tank  
  59  4:49  SCV x2  
  62  4:55  Supply Depot  
  62  5:10  SCV x2  
  64  5:21  Factory  
  64  5:22  SCV x2, Factory  
  64  5:25  Barracks Reactor  
  64  5:28  Viking x2  
  70  5:34  SCV x2  
  72  5:37  Siege Tank  
  72  5:42  Supply Depot  
  75  5:45  Orbital Command  
  75  5:46  SCV x2  
  77  5:58  SCV x2, Viking x2  
  83  6:05  Siege Tank  
  86  6:12  SCV x2  
  86  6:14  Hellion x2, Orbital Command  
  86  6:17  Hellion  
  91  6:24  SCV x2  
  91  6:25  Refinery  
  93  6:26  Refinery  
  93  6:34  Viking x2  
  93  6:36  SCV x2  
  93  6:37  Siege Tank  
  100  6:41  Supply Depot  
  100  6:47  Siege Tank  
  100  6:48  SCV x2  
  100  6:49  SCV  
  100  6:53  Supply Depot  
  106  6:57  Supply Depot  
  106  7:00  SCV x2  
  106  7:01  SCV  
  109  7:05  Hellion  
  109  7:06  Hellion  
  109  7:08  Viking x2  
  113  7:15  Siege Tank  
  118  7:19  Siege Tank  
  120  7:26  SCV x2  
  120  7:27  SCV  
  115  7:33  Hellion  
  103  7:38  SCV x2  
  103  7:39  SCV  
  103  7:41  Viking x2  
  109  7:44  Hellion  
  109  7:50  SCV x2  
  109  7:51  SCV  
  118  8:02  SCV  
  118  8:03  SCV x2  
Show
View Real Time Build Order
Export as new Build Order

Bunny Terran 

Build Orders:  

Get SALT Encoding   

  12  0:00  SCV  
  13  0:12  SCV  
  14  0:17  Supply Depot  
  14  0:24  SCV  
  15  0:38  SCV  
  15  0:40  Barracks  
  16  0:44  Refinery  
  16  0:50  SCV  
  16  0:52  Refinery  
  17  1:02  SCV  
  18  1:14  SCV  
  19  1:26  Orbital Command  
  19  1:27  Reaper  
  19  1:31  Supply Depot  
  20  1:41  Factory  
  20  1:52  SCV  
  21  1:59  Reaper  
  22  2:04  SCV  
  23  2:14  Command Center  
  23  2:16  SCV  
  24  2:24  Hellion  
  24  2:28  SCV  
  27  2:31  Reaper  
  27  2:34  Supply Depot  
  28  2:40  SCV  
  29  2:45  Widow Mine  
  29  2:50  Starport  
  31  2:56  SCV  
  32  3:05  Barracks Reactor  
  32  3:07  Factory Tech Lab  
  32  3:08  SCV  
  33  3:20  SCV  
  33  3:25  Cyclone  
  33  3:26  Starport Tech Lab  
  33  3:27  Orbital Command  
  37  3:28  Refinery  
  37  3:32  SCV  
  38  3:41  Marine x2  
  38  3:44  SCV  
  41  3:50  Supply Depot  
  41  3:52  SCV  
  41  3:54  Raven  
  44  3:56  SCV  
  44  3:59  Marine x2  
  47  4:05  SCV  
  47  4:08  SCV  
  49  4:10  Siege Tank  
  49  4:12  Supply Depot  
  53  4:17  SCV, Marine x2  
  53  4:20  SCV  
  56  4:29  SCV  
  57  4:33  SCV  
  57  4:34  Supply Depot, Marine  
  57  4:35  Marine  
  57  4:37  Raven  
  62  4:42  SCV  
  62  4:45  SCV  
  64  4:50  Siege Tank  
  64  4:52  Marine x2  
  67  4:55  Command Center  
  67  4:57  Supply Depot, SCV  
  67  4:58  SCV  
  71  5:02  Supply Depot  
  71  5:06  Refinery  
  71  5:09  SCV  
  71  5:10  SCV, Marine  
  71  5:11  Marine  
  75  5:20  Supply Depot  
  75  5:22  SCV, Siege Tank  
  75  5:23  SCV  
  80  5:33  Viking x2  
  80  5:34  SCV  
  80  5:35  SCV  
  86  5:38  Stimpack  
  86  5:39  Marine  
  87  5:43  Supply Depot  
  87  5:45  Supply Depot  
  87  5:46  SCV  
  87  5:47  SCV  
  88  5:54  Siege Tank  
  91  5:57  Marine  
  91  6:03  Viking x2  
  96  6:10  SCV x2  
  98  6:15  Marine  
  99  6:24  Barracks  
  99  6:25  Barracks  
  99  6:26  Siege Tank  
  101  6:33  Viking x2  
  101  6:34  SCV x2  
  101  6:35  Marine  
  101  6:39  Orbital Command  
  108  6:44  Engineering Bay  
  108  6:47  Engineering Bay  
  108  6:51  SCV x2  
  110  6:58  Marine, Siege Tank  
  114  7:03  Viking x2  
  114  7:06  SCV x3  
  119  7:10  Supply Depot  
  101  7:30  Marauder  
  101  7:32  Siege Tank  
  90  7:38  Barracks Reactor, Barracks Tech Lab  
  77  7:46  Barracks, SCV x3  
  77  7:47  Barracks  
  80  7:51  Marauder  
  80  7:52  Refinery x2  
  80  7:57  Marauder, Command Center  
  80  7:58  SCV x3  
  83  8:04  Supply Depot  
  83  8:06  Supply Depot  

Tags
 
Add a new tag
Caveats
  • Supply blocks, unpowered buildings, or Contaminate may cause inaccurate times.
  • Supply counts are checked every 10 seconds.